greben, lawful female dwarven Valkyrie ---- -------- .. |......| ..| ##..*....| ..| # ---|---- .| ### #### .| # # + | ^ # ### ## ## # ######## # -------.------- ### # ----.--- # |.............| ### # |......| |.............| ### # ##########|....>.. |.............| # ## #----- #|......| ##..............| ######## --.------ #|...| #|......| # |.............| --.---- |........ #|.I.I####.......| ### --------------- |<....| |[....%.| #....| #-------- # |.....+ +.....(..#######----- ###################` |.....| --------- ------- greben the Fighter Experience level: 6 Strength: 18/05 Dexterity: 14 Constitution: 16 Intelligence: 7 Wisdom: 10 Charisma: 11 Health: 0(48) Energy: 5(5) Def: 4 Gold: 591 Moves: 4443 Dungeon seed: kj08j_9IC1wXFsD3 Game ID: greben_1464182501 Your Inventory: Coins $ - 591 gold pieces Amulets p - an uncursed amulet versus poison Weapons a - the blessed rustproof +1 Excalibur (weapon in hand) b - an uncursed +0 dagger (in quiver) Armor e - an uncursed +3 small shield (being worn) Comestibles l - an uncursed pancake q - 2 uncursed fortune cookies I - an uncursed food ration K - 2 uncursed slime molds Scrolls f - an uncursed scroll of enchant armor h - 2 uncursed scrolls of identify i - an uncursed scroll of confuse monster o - an uncursed scroll of magic mapping t - a blessed scroll of enchant weapon A - an uncursed scroll of food detection D - an uncursed scroll of gold detection J - an uncursed scroll of enchant weapon Potions j - a blessed potion of polymorph k - an uncursed potion of water E - an uncursed potion of healing F - an uncursed potion of hallucination Rings r - an uncursed -2 ring of increase accuracy L - a cursed ring of teleportation Wands g - an uncursed wand of magic missile (0:7) Tools d - an uncursed oil lamp (0:1374) v - an uncursed skeleton key w - an uncursed lock pick x - an uncursed leash (in use) z - an uncursed blindfold H - an uncursed magic whistle Gems n - an uncursed worthless piece of green glass Spells and supernatural/magical abilities: Name Level Category Fail Memory W - pray for help -- divine ? -- Your skills at the end: Fighting Skills Weapon Skills dagger [Basic] long sword [Basic] Spellcasting Skills Final Attributes: You were piously aligned. You were cold resistant. You were level-drain resistant. You were blinded. You had automatic searching. You had infravision. You were stealthy. You are dead. Vanquished creatures: a small mimic a giant spider a dingo a water nymph 4 rock piercers a fog cloud a yellow light a shrieker a gray ooze 2 giant ants a floating eye a homunculus 9 hill orcs 3 rothes 2 werejackals 2 acid blobs 5 coyotes a gas spore a hobbit 3 hobgoblins 5 giant rats 2 cave spiders a brown mold a yellow mold a red mold 7 garter snakes a gnome zombie 3 geckos 5 jackals 2 foxes 7 goblins 2 sewer rats a grid bug 5 lichens a kobold zombie 8 newts 94 creatures vanquished. Voluntary challenges: You had been an atheist until turn 2619. You used a wielded weapon 93 times, starting on turn 2. You read items or engraved 5 times, starting on turn 545. You never genocided any monsters. You never polymorphed an object. You never changed form. You used no wishes. You never split a pudding. You wrote Elbereth's name 4 times, starting on turn 545. You never violated your personal moral code. Dungeon overview: The Dungeons of Doom: levels 1 to 9 Level 1 an altar to Loki, some fountains, a sink a long staircase Level 2 some fountains Level 3 a fountain Level 4 a hardware shop Level 5 an altar to Odin Level 6 many fountains Level 7 <- You were here Level 8 Level 9 History has recorded: On T:1 you entered the Dungeons of Doom to retrieve the Amulet of Yendor! On T:114 you reached level 2 of The Dungeons of Doom. On T:582 you advanced to experience level 2. On T:1066 you advanced to experience level 3. On T:1214 you reached level 3 of The Dungeons of Doom. On T:1650 you reached level 4 of The Dungeons of Doom. On T:1980 you advanced to experience level 4. On T:2515 you reached level 5 of The Dungeons of Doom. On T:2654 you advanced to experience level 5. On T:3298 you reached level 6 of The Dungeons of Doom. On T:3792 you reached level 7 of The Dungeons of Doom. On T:3823 you advanced to experience level 6. On T:3882 you reached level 8 of The Dungeons of Doom. On T:4055 you reached level 9 of The Dungeons of Doom. Score breakdown: Gold: 591 ( 9430 points) Experience: 6 levels (12456 points) Exploration: 9 levels ( 18.00%) (12121 points) Discoveries: 3 items ( 1.22%) ( 3319 points) Valuables value: (no points given unless you survive) Artifact value: 4000 (12253 points) Variety of kills: 36 monsters ( 9.45%) ( 9221 points) Turncount: 4443 turns (-1180 points) Survival: died (score multiplied by 80%) Total score: 46096 Latest messages: f - an uncursed scroll labeled ZELGO MER. k - an uncursed clear potion. B - a cursed dark potion. C - a cursed fizzy potion. j - a blessed puce potion. r - an uncursed tiger eye ring. g - an uncursed wand of magic missile. z - an uncursed blindfold. v - an uncursed key. w - an uncursed lock pick. n - an uncursed green gem. A key lands on the altar. A green gem lands on the altar. You begin praying to Tyr. It hits! It bites! (2x) You die... Final status: Farvel greben the Valkyrie, killed by a rothe, while praying... You died in The Dungeons of Doom on dungeon level 7 with 46096 points, and 591 pieces of gold, after 4443 moves. You were level 6 with a maximum of 48 hit points when you died.